Map: Abyssal Reef LE

Players

Kelazhur

  • Race: Terran Terran
  • Spawn Location: 11:00

Neeb - Winner!

  • Race: Protoss Protoss
  • Spawn Location: 5:00

Event: WCS Jonkoping 2017

VOD

Have the link to the VOD?

Description

Time

  • Played on: June 19, 2017, 12:21 p.m.
  • Length: 16:01

All games in this series

Show
View Real Time Build Order
Export as new Build Order

Kelazhur Terran 

Build Orders: Reaper Expand, MMM Bio 

Get SALT Encoding   

  12  0:00  SCV  
  13  0:13  SCV  
  14  0:17  Supply Depot  
  14  0:25  SCV  
  15  0:38  SCV  
  15  0:39  Barracks  
  16  0:43  Refinery  
  16  0:50  SCV  
  17  1:03  SCV  
  18  1:15  SCV  
  19  1:26  Reaper  
  19  1:27  Orbital Command  
  20  1:39  Command Center  
  20  1:55  Supply Depot  
  20  1:59  SCV, Barracks Reactor  
  21  2:06  Refinery  
  21  2:11  SCV  
  22  2:20  Factory  
  22  2:23  SCV  
  23  2:35  SCV  
  24  2:39  Marine x2  
  26  2:47  SCV  
  27  2:52  Orbital Command  
  27  2:58  Marine  
  27  3:03  Marine  
  27  3:05  SCV  
  29  3:17  SCV  
  29  3:19  SCV  
  31  3:21  Starport  
  31  3:24  Cyclone x2  
  37  3:29  SCV  
  37  3:31  SCV, Marine  
  40  3:34  Supply Depot  
  40  3:41  SCV  
  40  3:43  SCV  
  42  3:49  Marine  
  42  3:53  SCV  
  42  3:55  SCV  
  45  3:56  Cyclone  
  45  4:00  Supply Depot  
  45  4:02  Widow Mine  
  50  4:04  Medivac  
  50  4:05  SCV  
  50  4:07  SCV  
  54  4:11  Supply Depot  
  54  4:22  SCV x2, Marine  
  57  4:28  Supply Depot  
  57  4:34  SCV, Barracks  
  57  4:35  SCV, Barracks  
  57  4:36  Viking  
  61  4:41  Barracks Tech Lab  
  61  4:46  SCV  
  61  4:47  SCV  
  63  4:53  Engineering Bay x2  
  63  4:54  Supply Depot  
  63  4:57  Factory Reactor  
  63  4:58  SCV  
  65  5:00  SCV  
  65  5:09  Marine, Stimpack  
  65  5:10  SCV, Starport Reactor  
  65  5:12  SCV  
  65  5:13  Refinery  
  68  5:14  Refinery  
  68  5:16  Supply Depot  
  68  5:22  SCV  
  68  5:26  SCV  
  70  5:35  SCV  
  66  5:39  SCV  
  66  5:42  Marine  
  63  5:47  SCV  
  63  5:49  Command Center  
  57  5:51  Marine x2, Factory Reactor  
  57  5:53  Medivac x2  
  60  5:57  Terran Infantry Weapons Level 1, Marine x2  
  60  5:59  SCV x2  
  60  6:00  Marine  
  65  6:09  Marine x2  
  68  6:11  SCV x2  
  68  6:13  Terran Infantry Armor Level 1  
  68  6:15  Barracks  
  68  6:17  Marine x2  
  68  6:18  Marine  
  71  6:23  SCV  
  71  6:24  Barracks  
  72  6:26  Medivac x2, Missile Turret  
  72  6:28  Widow Mine x2  
  72  6:29  Marine  
  72  6:31  Marine  
  82  6:35  Marine x2  
  82  6:39  SCV x2  
  86  6:40  Supply Depot  
  86  6:45  Marine, Missile Turret  
  87  6:48  Marine  
  87  6:49  Marine  
  87  6:51  SCV x2  
  87  6:53  Marine  
  90  7:01  Marine x2  
  90  7:02  Marine  
  90  7:05  SCV, Missile Turret  
  93  7:13  SCV  
  94  7:18  SCV, Armory  
  94  7:21  Marauder, Barracks Reactor, Barracks Tech Lab, Marine x2  
  94  7:22  Marine  
  100  7:23  Barracks Tech Lab  
  100  7:25  SCV  
  100  7:27  Widow Mine x2  
  104  7:30  SCV  
  104  7:34  Combat Shields  
  104  7:41  Marauder, Marine x4  
  104  7:42  Marine  
  103  7:56  Marauder, Widow Mine  
  103  7:57  Widow Mine  
  107  7:59  Marine x3  
  107  8:00  Marauder  
  107  8:01  Medivac x2  
  107  8:05  SCV  
  111  8:06  SCV, Orbital Command  
  111  8:09  Marauder  
  110  8:13  Terran Infantry Weapons Level 2  
  110  8:16  Terran Infantry Armor Level 2  
  108  8:20  SCV x2  
  108  8:21  Supply Depot  
  108  8:25  Widow Mine  
  108  8:26  Marine x2  
  108  8:27  Marine x2, Supply Depot  
  114  8:32  Marauder  
  114  8:33  Marauder  
  117  8:34  SCV  
  117  8:37  Marauder  
  117  8:38  SCV  
  117  8:43  Medivac x2, Widow Mine  
  123  8:49  Refinery  
  123  8:51  Marine x2, Missile Turret  
  123  8:52  Supply Depot x2  
  123  8:53  Marauder, Marine, Widow Mine  
  123  8:54  Marauder  
  123  8:55  Marine  
  133  8:58  Missile Turret  
  133  9:09  Supply Depot  
  133  9:13  Marine x2, Widow Mine  
  133  9:14  SCV x2, Marine x2, Medivac  
  133  9:15  Marauder  
  144  9:21  SCV  
  144  9:22  Widow Mine  
  141  9:26  SCV  
  141  9:27  Marauder  
  141  9:28  Marine  
  145  9:31  Marine x2  
  145  9:32  Marauder  
  145  9:36  SCV x2, Refinery  
  145  9:37  Fusion Core  
  145  9:38  SCV  
  152  9:39  Command Center, Starport  
  152  9:42  Widow Mine  
  152  9:44  Marine  
  152  9:45  Marauder  
  157  9:52  SCV, Marine, Supply Depot, Widow Mine  
  160  9:53  SCV, Marauder  
  160  9:55  Supply Depot  
  164  10:02  Marine x3  
  165  10:07  Concussive Shells  
  165  10:08  Liberator x2  
  165  10:09  Marauder x2  
  165  10:12  Marine  
  151  10:14  Marauder  
  151  10:16  Widow Mine  
  151  10:18  Starport Tech Lab  
  151  10:20  Marine  
  156  10:22  Marine x2  
  164  10:30  SCV x3, Marauder  
  164  10:34  Widow Mine  
  164  10:35  Marauder  
  169  10:38  Advanced Ballistics  
  169  10:42  Medivac  
  171  10:43  Missile Turret  
  171  10:52  Liberator x2, Terran Infantry Weapons Level 3  
  171  10:59  Marine x2  
  171  11:00  Marauder  
  175  11:04  Marauder, Marine x2  
  185  11:20  Planetary Fortress  
  185  11:22  Marauder, Marine x4  
  185  11:23  Marine, Liberator  
  192  11:26  Marauder  
  185  11:36  SCV x3  
  183  11:40  Marine x2, Liberator  
  183  11:41  Marauder  
  190  11:48  SCV x3  
  190  11:49  Marine x3, Terran Ship Weapons Level 1  
  196  11:57  Marine  
  200  12:11  Terran Infantry Armor Level 3  
  200  12:15  Command Center  
  198  12:17  Barracks  
  198  12:19  Barracks  
  198  12:20  Barracks  
  198  12:21  Marauder, Marine  
  199  12:24  Ghost Academy  
  199  12:39  Starport, Liberator x2  
  199  12:42  Starport  
  195  12:46  Marauder  
  192  12:51  Marine x3  
  192  12:52  Marauder x2  
  192  12:58  Marine  
  192  13:05  Medivac  
  192  13:07  Marauder  
  192  13:09  Marine x4, Liberator x2  
  172  13:12  Marine  
  172  13:13  Marauder  
  172  13:16  Marine x2  
  130  13:27  Marine x2  
  130  13:29  Marauder  
  130  13:31  Marauder, Marine  
  130  13:33  Liberator  
  135  13:34  Marauder  
  135  13:37  Barracks Reactor, Barracks Tech Lab x2  
  137  14:04  Marauder, Marine x3  
  137  14:07  Liberator  
  138  14:10  Marauder x2  
  139  14:22  Marauder x2, Marine x3  
  146  14:25  Marine x4  
  146  14:29  Planetary Fortress, Liberator  
  146  14:31  Marine x2  
  155  14:39  Marine  
  155  14:40  Marine x2  
  155  14:41  Missile Turret  
  155  14:43  Marauder, Marine x2  
  165  14:53  Marauder x2  
  165  14:57  Marauder  
  150  15:04  Marine  
  150  15:05  Marauder, Marine x6  
  152  15:07  Medivac  
  154  15:14  Marine  
  154  15:15  Marauder  
  154  15:18  Marine  
  151  15:24  Marauder  
  151  15:26  Marauder  
  137  15:35  Marauder  
  123  15:39  Marine  
  123  15:41  SCV x2  
Show
View Real Time Build Order
Export as new Build Order

Neeb Protoss - Winner!

Build Orders: 1 Gate Expand, Oracle Opening, Phoenix Opening 

Get SALT Encoding   

  12  0:01  Probe (Chrono Boost)  
  13  0:11  Probe (Chrono Boost)  
  14  0:18  Pylon  
  14  0:22  Probe (Chrono Boost)  
  15  0:36  Gateway, Probe (Chrono Boost)  
  16  0:47  Probe (Chrono Boost)  
  16  0:48  Assimilator  
  17  0:57  Probe (Chrono Boost)  
  18  1:08  Probe (Chrono Boost)  
  20  1:18  Probe (Chrono Boost)  
  20  1:23  Nexus  
  20  1:32  Cybernetics Core  
  20  1:36  Probe (Chrono Boost)  
  21  1:41  Assimilator  
  21  1:46  Probe (Chrono Boost)  
  22  1:50  Pylon  
  22  1:57  Probe (Chrono Boost)  
  24  2:08  Probe (Chrono Boost)  
  24  2:09  Adept (Chrono Boost)  
  24  2:10  Warp Gate  
  25  2:20  Probe  
  26  2:30  Stargate  
  26  2:32  Probe  
  26  2:37  Probe, Adept (Chrono Boost)  
  29  2:44  Probe  
  29  2:48  Probe  
  31  2:56  Probe  
  32  2:58  Probe  
  32  3:00  Adept (Chrono Boost)  
  34  3:08  Probe  
  34  3:09  Probe  
  36  3:14  Oracle (Chrono Boost)  
  36  3:19  Probe  
  39  3:20  Probe  
  39  3:23  Pylon  
  41  3:30  Pylon, Mothership Core  
  41  3:33  Probe  
  44  3:45  Probe  
  45  3:49  Probe  
  45  3:50  Phoenix (Chrono Boost)  
  48  3:57  Probe  
  48  4:00  Probe  
  48  4:02  Nexus  
  50  4:07  Pylon  
  50  4:09  Probe  
  51  4:14  Probe, Phoenix (Chrono Boost)  
  54  4:21  Gateway  
  54  4:26  Gateway  
  54  4:30  Adept  
  56  4:36  Phoenix (Chrono Boost)  
  58  4:39  Pylon  
  58  4:42  Probe  
  58  4:43  Probe  
  60  4:52  Probe, Adept  
  62  4:55  Probe  
  62  4:57  Pylon  
  62  4:59  Phoenix (Chrono Boost)  
  66  5:03  Probe  
  67  5:07  Pylon  
  67  5:08  Probe  
  67  5:14  Probe  
  68  5:20  Adept x2  
  73  5:23  Adept  
  73  5:29  Probe  
  73  5:30  Probe  
  73  5:33  Probe  
  74  5:37  Phoenix (Chrono Boost)  
  74  5:42  Probe  
  77  5:43  Probe  
  77  5:45  Probe  
  79  5:50  Twilight Council  
  79  5:52  Assimilator  
  79  5:53  Probe, Assimilator, Forge  
  79  5:54  Probe  
  81  5:58  Probe  
  81  6:03  Pylon  
  82  6:05  Pylon  
  82  6:06  Probe  
  82  6:07  Phoenix (Chrono Boost)  
  82  6:09  Probe x2  
  87  6:14  Pylon  
  87  6:17  Protoss Ground Weapons Level 1  
  87  6:18  Probe  
  87  6:19  Probe x2  
  87  6:21  Robotics Facility  
  87  6:24  Pylon  
  56  6:32  Resonating Glaives (Chrono Boost)  
  90  6:39  Probe x3  
  93  6:40  Gateway  
  93  6:41  Assimilator  
  93  6:42  Gateway, Assimilator  
  93  6:43  Gateway  
  93  6:48  Pylon  
  93  6:51  Probe x3  
  98  6:57  Pylon  
  95  7:03  Probe  
  95  7:04  Probe x2  
  98  7:09  Warp Prism (Chrono Boost)  
  98  7:13  Sentry, Adept x2  
  104  7:18  Gateway  
  104  7:20  Gateway  
  104  7:21  Photon Cannon  
  104  7:22  Photon Cannon  
  104  7:23  Photon Cannon  
  104  7:24  Pylon  
  104  7:35  Sentry  
  104  7:36  Sentry  
  108  7:37  Stalker  
  108  7:41  Observer (Chrono Boost)  
  111  7:44  Adept x3  
  111  7:49  Probe  
  111  7:51  Probe  
  111  7:52  Probe  
  107  8:01  Probe  
  107  8:04  Probe x2  
  108  8:08  Observer (Chrono Boost)  
  108  8:10  Protoss Ground Armor Level 1  
  108  8:11  Blink  
  109  8:13  Probe  
  109  8:16  Probe  
  112  8:22  Robotics Bay, Pylon, Nexus  
  112  8:23  Robotics Facility, Mothership Core  
  112  8:24  Adept x2  
  112  8:25  Adept x4  
  125  8:27  Pylon  
  125  8:33  Pylon  
  123  8:42  Immortal (Chrono Boost)  
  123  8:45  Photon Cannon  
  127  8:51  Pylon  
  127  8:58  Stalker x3, Forge  
  127  8:59  Stalker x2, Pylon  
  137  9:11  Colossus (Chrono Boost)  
  143  9:19  Colossus (Chrono Boost)  
  139  9:29  Adept x6  
  157  9:35  Extended Thermal Lance (Chrono Boost)  
  157  9:37  Assimilator  
  157  9:40  Assimilator  
  157  9:44  Protoss Ground Weapons Level 2 (Chrono Boost)  
  157  9:58  Adept x5  
  157  9:59  Adept x3  
  173  10:05  Colossus  
  173  10:09  Colossus  
  170  10:23  Probe  
  170  10:25  Probe x2  
  170  10:27  Photon Cannon  
  173  10:29  Protoss Ground Armor Level 2 (Chrono Boost)  
  173  10:37  Gateway  
  173  10:40  Gateway  
  173  10:44  Templar Archives  
  173  10:46  Stalker x4  
  173  10:48  Pylon  
  181  10:50  Photon Cannon  
  181  11:01  Immortal x2  
  189  11:20  Nexus  
  189  11:27  Psionic Storm  
  183  11:34  Protoss Ground Weapons Level 3 (Chrono Boost)  
  183  11:35  Immortal  
  183  11:36  Charge  
  165  11:40  High Templar x4  
  165  11:43  Pylon  
  165  11:45  Photon Cannon, Immortal  
  165  11:46  Pylon  
  177  11:48  Sentry  
  183  11:59  Gateway  
  183  12:01  Gateway  
  183  12:04  Stalker x3  
  183  12:05  Stalker  
  189  12:29  Assimilator  
  189  12:31  Photon Cannon, Assimilator  
  189  12:33  Photon Cannon  
  189  12:34  Fleet Beacon  
  189  12:35  Photon Cannon  
  189  12:38  Photon Cannon  
  189  12:41  Photon Cannon  
  189  12:42  Adept x8  
  189  12:43  Photon Cannon  
  197  12:48  Archon x2  
  167  13:00  Stalker x2  
  167  13:02  Stalker x3  
  167  13:03  Stalker  
  150  13:16  Stalker x4  
  150  13:17  Probe  
  150  13:18  Probe  
  143  13:21  Probe x2  
  143  13:26  Probe  
  141  13:29  Probe  
  141  13:31  Phoenix  
  143  13:35  High Templar x3  
  143  13:40  High Templar  
  151  13:43  Archon  
  151  13:45  Archon  
  148  13:55  High Templar x4  
  156  13:57  Assimilator  
  156  14:00  Probe  
  156  14:01  Probe x3  
  156  14:02  Probe  
  157  14:11  Probe  
  157  14:13  Probe x2  
  157  14:14  Probe x2  
  149  14:21  Probe  
  149  14:22  Stalker  
  149  14:23  Stalker x3  
  156  14:25  Probe  
  156  14:27  Probe  
  156  14:30  Probe x2  
  158  14:32  Probe  
  158  14:37  Probe, Stargate  
  160  14:40  Probe, High Templar x2  
  165  14:46  Stalker x2  
  165  14:47  Probe x2  
  165  15:03  Probe x2  
  165  15:04  Probe, Stalker x4  
  165  15:05  Probe x2  
  168  15:26  Stalker x6  
  154  15:55  Stalker x7  
Tags
 
Add a new tag
Caveats
  • Supply blocks, unpowered buildings, or Contaminate may cause inaccurate times.
  • Supply counts are checked every 10 seconds.